AoeStats
← EagleChiri

Arabia

510726512Analyzed
1v1 RM · 2d ago on Oct 2, 2026· 34m 7s· 2 players
Game mode
Random Map
Map size
Tiny (2 player)
Population
200
Speed
Normal
Resources
Standard
Victory
Conquest
Starting age
Dark Age
Ending age
Imperial Age
RankedLock teamsTeams togetherTeam positionsShared explorationLock speedFull tech treeHidden civsTurbo modeCheats
Victory
Defeat
🇳🇴 Lithuanians · Norway
1144
+15
🇪🇸 Khmer · Spain
1116
-15
EagleChiri
6:45 Loom
10:02 Feudal Age
13:13 Castle Age
si.elgen
6:23 Loom
9:09 Feudal Age
9:58 Double-Bit Axe
9:37 Man-at-Arms
18:38 Castle Age
19:05 Pikeman
Connection lost

Rejoining the realm…

Still unreachable

The connection could not be restored.

Session expired

The server has moved on; the page needs a fresh start.